 Dungeon Crawl Stone Soup version 0.21-a0-314-gb3271ec (webtiles) character file.

66 esteth the Charmwright (level 4, -3/38 HPs)
             Began as a Gnoll Skald on Sept 29, 2017.
             Slain by a gnoll
             ... wielding a cursed -3 halberd
              (8 damage)
             ... on level 2 of the Dungeon.
             The game lasted 00:03:45 (1018 turns).

esteth the Charmwright (Gnoll Skald)                Turns: 1018, Time: 00:03:45

Health: -3/38      AC:  9    Str: 13    XL:     4   Next: 15%
Magic:  3/11       EV:  7    Int: 16    God:
Gold:   69         SH:  0    Dex: 15    Spells: 7/13 levels left

rFire    . . .     SeeInvis .   k - -1 mace (curse)
rCold    . . .     Gourm    .   (no shield)
rNeg     . . .     Faith    .   e - +0 chain mail {MR+}
rPois    .         Spirit   .   (no helmet)
rElec    .         Reflect  .   (no cloak)
rCorr    .         Harm     .   (no gloves)
MR       +....                  (no boots)
Stlth    ..........             (no amulet)
HPRegen  0.12/turn              (no ring)
MPRegen  0.12/turn              (no ring)

@: very slightly contaminated
A: distributed training, fangs 1, strong nose
a: no special abilities


You were on level 2 of the Dungeon.
You were hungry.

You visited 1 branch of the dungeon, and saw 2 of its levels.

You collected 69 gold pieces.

Inventory:

Hand Weapons
 a - a +0 spear
 k - a cursed -1 mace (weapon)
Missiles
 j - 5 javelins (quivered)
Armour
 b - a +0 leather armour
 e - a +0 chain mail of magic resistance (worn)
Scrolls
 f - a scroll of teleportation {unknown}
Books
 c - a book of Battle

   Spells                             Type                      Level
   a - Infusion                       Charms                       1
   b - Shroud of Golubria             Charms/Translocation         2
   c - Song of Slaying                Charms                       2
   d - Spectral Weapon                Hexes/Charms                 3
   e - Regeneration                   Charms/Necromancy            3
Comestibles
 d - a bread ration
 g - a chunk of flesh
 h - a royal jelly


   Skills:
 + Level 4.7 Fighting
 + Level 0.8 Short Blades
 + Level 0.0 Long Blades
 + Level 1.3 Axes
 + Level 1.7 Maces & Flails
 + Level 4.7 Polearms
 + Level 1.7 Staves
 + Level 0.8 Slings
 + Level 0.0 Bows
 + Level 1.3 Crossbows
 + Level 0.0 Throwing
 + Level 2.8 Armour
 + Level 4.5 Dodging
 + Level 2.0 Stealth
   Level 0.0 Stabbing
 + Level 0.0 Shields
   Level 0.0 Traps
 + Level 1.3 Unarmed Combat
 + Level 5.1 Spellcasting
 + Level 0.8 Conjurations
 + Level 0.0 Hexes
 + Level 6.5 Charms
 + Level 1.7 Summonings
 + Level 0.8 Necromancy
 + Level 0.8 Translocations
 + Level 0.8 Transmutations
 + Level 0.8 Fire Magic
 + Level 0.0 Ice Magic
 + Level 0.0 Air Magic
 + Level 0.8 Earth Magic
 + Level 0.0 Poison Magic
 + Level 1.3 Invocations
 + Level 1.3 Evocations


You had 7 spell levels left.
You knew the following spells:

 Your Spells              Type           Power        Failure   Level  Hunger
a - Infusion              Chrm           ####         30%         1    None
b - Spectral Weapon       Hex/Chrm       ##......     98%         3    ###....
c - Shroud of Golubria    Chrm/Tloc      ###.......   83%         2    #......


Dungeon Overview and Level Annotations

Branches:
Dungeon (2/15)

Altars:


Innate Abilities, Weirdness & Mutations

Your experience applies equally to all skills.
You have very sharp teeth.
Your uncanny sense of smell can sniff out nearby items.


Message History

You feel agile. The gnoll barely misses you. The gnoll closely misses you.
Found a scroll of identify.
Things that are here:
a halberd; a gnoll corpse You closely miss the gnoll.
The gnoll hits you but does no damage.
Your chain mail prevents you from hitting the gnoll.
You bite the gnoll, but do no damage. The gnoll hits you but does no damage.
You feel better. The gnoll hits you with a halberd.
* * * LOW HITPOINT WARNING * * *
You closely miss the gnoll. You bite the gnoll, but do no damage.
The gnoll closely misses you.
You hit the gnoll but do no damage. You bite the gnoll, but do no damage.
The gnoll barely misses you.
Some of the chunks of flesh in your inventory have rotted away.
You hit the gnoll.
The gnoll is moderately wounded.
The gnoll hits you with a halberd!
You die...

#.....########
#.............
#.............
#.............
#.............
.####......[......
.$........g...####
......?).@.......
.................
####............
###.(.........?
####..............
#.................
#.................
#.................
#................


You could see a gnoll.

Vanquished Creatures
  3 gnolls
  A dart slug (D:1)
  4 bats
  4 giant cockroaches
  4 goblins
  6 hobgoblins (D:1)
  3 ball pythons
  A frilled lizard (D:1)
  5 kobolds
  2 rats (D:1)
33 creatures vanquished.

Notes
Turn   | Place    | Note
-------+----------+-------------------------------------------
     0 | D:1      | esteth the Gnoll Skald began the quest for the Orb.
     0 | D:1      | Reached XP level 1. HP: 20/20 MP: 6/6
    56 | D:1      | Reached skill level 1 in Stealth
    70 | D:1      | Reached skill level 1 in Summonings
    70 | D:1      | Reached skill level 1 in Invocations
   202 | D:1      | Reached XP level 2. HP: 26/26 MP: 7/7
   234 | D:1      | Reached skill level 1 in Maces & Flails
   314 | D:1      | Reached skill level 1 in Staves
   314 | D:1      | Reached skill level 5 in Spellcasting
   314 | D:1      | Reached XP level 3. HP: 7/31 MP: 4/9
   558 | D:1      | Learned a level 3 spell: Spectral Weapon
   561 | D:1      | Learned a level 2 spell: Shroud of Golubria
   727 | D:1      | Reached skill level 1 in Axes
  1009 | D:2      | Reached skill level 1 in Unarmed Combat
  1009 | D:2      | Reached skill level 1 in Evocations
  1011 | D:2      | Reached skill level 1 in Crossbows
  1011 | D:2      | Reached XP level 4. HP: 2/38 MP: 2/11
  1018 | D:2      | Slain by a gnoll

Vault maps used:
D:1:      dpeg_arrival_solitude
D:2:      nicolae_overflow_hidden_temple

Skill      XL: |  1  2  3 |
---------------+----------+-----
Stealth        | 1 2 |  2.0
Summonings     | 1 |  1.7
Invocations    | 1 |  1.3
Maces & Flails | 1 |  1.7
Staves         | 1 |  1.7
Spellcasting   | 5 |  5.1
Axes           | 1 |  1.3
Unarmed Combat | 1 |  1.3
Evocations     | 1 |  1.3
Crossbows      | 1 |  1.3
Fighting       | |  4.7
Short Blades   | |  0.8
Polearms       | |  4.7
Slings         | |  0.8
Armour         | |  2.8
Dodging        | |  4.5
Conjurations   | |  0.8
Charms         | |  6.5
Necromancy     | |  0.8
Translocations | |  0.8
Transmutations | |  0.8
Fire Magic     | |  0.8
Earth Magic    | |  0.8

Action                   |  1- 3 |  4- 6 || total
-------------------------+-------+-------++-------
Melee: Spear             |    82 |       ||    82
       Bite              |     6 |     3 ||     9
       Mace              |    34 |     5 ||    39
 Cast: Infusion          |     1 |       ||     1
  Use: Scroll            |     3 |       ||     3
       Potion            |       |     1 ||     1
 Stab: Sleeping          |     2 |       ||     2
Armor: Leather armour    |    26 |       ||    26
       Chain mail        |     2 |     2 ||     4
Dodge: Dodged            |    69 |     4 ||    73

Table legend:
 A = Spawn XP
 B = Non-spawn XP
 C = Spawn XP percentage of total XP
 D = Spawn monster count
 E = Non-spawn monster count
 F = Spawn count percentage of total count
 G = Total turns spent on level
                    A         B        C        D         E        F      G
               +---------+---------+-------+---------+---------+-------+---------
         Total |       0 |      95 |   0.0 |       0 |      33 |   0.0 |  1018
               +---------+---------+-------+---------+---------+-------+---------
           D:1 |       0 |      56 |   0.0 |       0 |      25 |   0.0 |   936
           D:2 |       0 |      39 |   0.0 |       0 |       8 |   0.0 |    82
               +---------+---------+-------+---------+---------+-------+---------
